AoeStats
← tigremaster

Yucatan

510375172Analyzed
4v4 RM · 1d ago on Sep 30, 2026· 65m 1s· 8 players
Game mode
Random Map
Map size
Large (8 player)
Population
200
Speed
Normal
Resources
Standard
Victory
Conquest
Starting age
Dark Age
Ending age
Imperial Age
RankedLock teamsTeams togetherTeam positionsShared explorationLock speedFull tech treeHidden civsTurbo modeCheats
Victory
Defeat
🇫🇷 Romans · France
1187
+16
🇹🇼 Goths · Taiwan
1154
+18
🇺🇸 Danes · United States
1153
+18
🇨🇭 Mongols · Switzerland
1134
+18
🇦🇷 Koreans · Argentina
1304
-22
🇦🇷 Chinese · Argentina
1213
-18
🇦🇷 Sicilians · Argentina
1168
-17
🇦🇷 Celts · Argentina
1079
-13
矮脚虎王英
9:41 Feudal Age
15:07 Castle Age
17:10 Loom
27:31 Double-Bit Axe
32:52 Horse Collar
34:48 Squires
35:08 Arson
41:06 Pikeman
44:48 Imperial Age
42:55 Wheelbarrow
42:07 Town Watch
50:01 Bow Saw
55:12 Man-at-Arms
59:30 Scale Barding Armor
60:04 Bloodlines
59:54 Husbandry
60:42 Husbandry
60:06 Light Cavalry
61:29 Man-at-Arms
62:54 Gold Mining
62:54 Stone Mining
64:43 Chain Barding Armor
64:34 Forging
64:49 Conscription
Karnack1748
11:11 Feudal Age
13:08 Loom
14:24 Double-Bit Axe
14:33 Gold Mining
17:00 Castle Age
17:23 Stone Mining
17:15 Horse Collar
18:11 Bow Saw
18:04 Heavy Plow
20:18 Wheelbarrow
21:51 Hand Cart
24:54 Fletching
29:56 Stone Shaft Mining
29:57 Gold Shaft Mining
30:34 Gold Shaft Mining
30:04 Padded Archer Armor
30:40 Bodkin Arrow
31:01 Leather Archer Armor
31:32 Ballistics
31:51 Husbandry
34:37 Imperial Age
32:40 Forging
32:36 Scale Barding Armor
32:50 Bloodlines
33:54 Town Watch
34:46 Iron Casting
35:11 Town Patrol
35:33 Chain Barding Armor
35:43 Conscription
35:24 Bracer
36:27 Chemistry
34:53 Light Cavalry
35:33 Elite Mangudai
38:32 Drill
39:55 Blast Furnace
39:15 Chain Barding Armor
38:26 Hussar
40:57 Coinage
42:06 Capped Ram
43:27 Siege Ram
44:09 Elite Skirmisher
49:06 Nomads
49:57 Murder Holes
50:09 Siege Engineers
50:46 Hoardings
55:57 Sappers
58:13 Banking
57:44 Caravan
PERCENT5175
10:28 Feudal Age
10:36 Man-at-Arms
11:13 Double-Bit Axe
11:22 Gold Mining
14:20 Forging
14:54 Scale Mail Armor
16:06 Horse Collar
20:47 Castle Age
18:55 Stone Mining
20:24 Fletching
20:50 Long Swordsman
21:30 Squires
21:27 Town Watch
22:59 Stone Shaft Mining
25:51 Wheelbarrow
26:45 Loom
27:44 Heavy Plow
30:39 Anarchy
38:17 Imperial Age
36:15 Bodkin Arrow
36:57 Iron Casting
37:48 Hand Cart
38:10 Padded Archer Armor
37:40 Pikeman
39:25 Sanctity
39:15 Fervor
39:35 Conscription
39:37 Bodkin Arrow
40:26 Bracer
39:56 Halberdier
42:21 Treadmill Crane
44:07 Chemistry
42:47 Elite Skirmisher
45:03 Blast Furnace
43:38 Two-Handed Swordsman
45:14 Perfusion
45:38 Chain Mail Armor
47:31 Leather Archer Armor
48:23 Ballistics
48:00 Herbal Medicine
50:50 Ring Archer Armor
50:12 Champion
51:14 Scale Barding Armor
52:20 Elite Huskarl
54:08 Bow Saw
57:42 Town Patrol
58:03 Chain Barding Armor
59:21 Illumination
ILLYRIAN A1B
0:28 Loom
11:43 Feudal Age
12:15 Double-Bit Axe
18:38 Castle Age
18:17 Stone Mining
19:54 Bow Saw
24:08 Ballistics
28:44 Ballistas
31:47 Horse Collar
35:51 Heavy Plow
41:23 Imperial Age
42:31 Siege Engineers
42:46 Gold Mining
43:40 Capped Ram
45:00 Siege Ram
46:06 Heavy Scorpion
Barto
4:59 Loom
10:22 Feudal Age
11:06 Double-Bit Axe
15:49 Castle Age
15:19 Gold Mining
16:04 Fletching
19:37 Crossbowman
23:34 Wheelbarrow
25:40 Bow Saw
26:27 Stone Mining
26:51 Horse Collar
28:02 Heavy Plow
34:21 Imperial Age
32:11 Scale Mail Armor
33:05 Forging
37:01 Bodkin Arrow
37:22 Chain Mail Armor
37:42 Iron Casting
37:22 Chain Mail Armor
39:47 Iron Casting
40:31 Two-Man Saw
40:50 Bracer
43:53 Town Watch
44:24 Hand Cart
48:27 Squires
48:51 Elite Skirmisher
56:22 Arbalester
57:14 Thumb Ring
59:02 Ballistics
60:11 Chemistry
Mauro
5:16 Loom
10:12 Feudal Age
11:47 Double-Bit Axe
17:13 Forging
20:56 Town Watch
22:17 Arson
23:33 Scale Mail Armor
23:33 Horse Collar
25:29 Wheelbarrow
28:11 Castle Age
26:06 Gold Mining
26:07 Stone Mining
32:38 Gold Shaft Mining
32:38 Stone Shaft Mining
32:23 Hand Cart
32:37 Bow Saw
37:35 Imperial Age
37:14 First Crusade
38:17 Chain Mail Armor
38:55 Iron Casting
39:06 Iron Casting
38:55 Conscription
38:45 Squires
38:50 Heavy Plow
40:49 Plate Mail Armor
41:04 Crop Rotation
41:28 Town Patrol
40:53 Elite Serjeant
44:43 Ballistics
45:24 Chemistry
47:58 Caravan
52:51 Fletching
54:02 Blast Furnace
59:06 Bodkin Arrow
59:56 Bracer
62:11 Scale Barding Armor
tigremaster
2:37 Loom
11:41 Feudal Age
20:16 Castle Age
19:47 Stone Mining
19:49 Double-Bit Axe
22:34 Town Watch
25:20 Stronghold
26:49 Horse Collar
32:41 Wheelbarrow
32:00 Fletching
32:12 Padded Archer Armor
40:29 Imperial Age
39:17 Heavy Plow
39:30 Murder Holes
41:01 Elite Woad Raider
42:27 Forging
42:19 Scale Mail Armor
44:39 Iron Casting
44:20 Chain Mail Armor
45:10 Chemistry
48:37 Plate Mail Armor
49:08 Blast Furnace
48:33 Conscription
49:41 Hand Cart
49:28 Town Patrol
IMP | SUD_RATABLANCA
0:38 Loom
10:55 Feudal Age
11:57 Town Watch
18:14 Castle Age
16:52 Horse Collar
17:22 Scale Barding Armor
18:19 Forging
18:08 Double-Bit Axe
19:22 Bloodlines
20:26 Heavy Plow
21:06 Husbandry
22:11 Gold Mining
24:12 Wheelbarrow
24:24 Iron Casting
26:05 Chain Barding Armor
32:47 Hand Cart
35:26 Imperial Age
33:10 Squires
33:15 Scale Mail Armor
33:14 Man-at-Arms
33:40 Arson
34:08 Fletching
34:22 Long Swordsman
36:47 Chain Mail Armor
36:27 Two-Handed Swordsman
38:12 Blast Furnace
37:38 Bodkin Arrow
40:06 Elite Skirmisher
41:13 Padded Archer Armor
41:43 Bracer
43:37 Plate Mail Armor
44:24 Conscription
45:23 Ballistics
45:58 Pikeman
49:11 Leather Archer Armor
52:03 Chemistry
51:11 Thumb Ring
51:49 Crossbowman
53:31 Bow Saw
Connection lost

Rejoining the realm…

Still unreachable

The connection could not be restored.

Session expired

The server has moved on; the page needs a fresh start.